 Dungeon Crawl Stone Soup version 0.30-a0-1085-g990a428a5c (webtiles) character file.

Game seed: 7528165230872688638

1109 cheesebisquit the Magician (level 8, -1/112 HPs)
             Began as a Djinni Fire Elementalist on Apr 16, 2023.
             Slain by a black bear (5 damage)
             ... on level 5 of the Dungeon.
             The game lasted 00:12:38 (3429 turns).

cheesebisquit the Magician (DjFE)                   Turns: 3429, Time: 00:12:39

Health: -1/112     AC: 20    Str:  5 (7)  XL:     8   Next: 59%
Gold:   294        EV:  2    Int: 17 (19) God:
                   SH:  0    Dex: 11 (14)

rFire   . . .      SeeInvis .    (no weapon)
rCold   . . .      Faith    .    (no shield)
rNeg    . . .      Spirit   .    a - melded +0 robe
rPois   ∞          Reflect  .    q - melded +0 helmet
rElec   .          Rampage  .    (cloak currently unavailable)
rCorr   .          NoTele   +    (gloves currently unavailable)
Will    .....                    (boots unavailable) Stlth
                                 v - amulet of regeneration
HPRegen 1.18/turn                (no ring)
MPRegen 0.00/turn                (no ring)

@: brilliant, berserking, tree-form, corroded, very quick
A: stationary, stasis, torment immunity, boosted hp, sickness immunity, (fire
resistance 2), (cold vulnerability 1), float, innate caster, HP casting, extra
vitality 1
a: no special abilities


You were on level 5 of the Dungeon.
You were a tree.
You visited 1 branch of the dungeon, and saw 7 of its levels.

You collected 294 gold pieces.

Inventory:

Hand Weapons
 h - a +0 mace
 o - a +1 dagger of draining
 u - a +0 heavy dire flail
Missiles
 m - 9 poisoned darts
 r - 2 boomerangs of dispersal
Armour
 a - a +0 robe (melded)
 q - a +0 helmet (melded)
Jewellery
 v - an amulet of regeneration (around neck)
Scrolls
 b - 7 scrolls of teleportation {unknown}
 c - 4 scrolls of identify {unknown}
 d - 5 scrolls of fear {unknown}
 f - a scroll of fog {unknown}
 g - 2 scrolls of magic mapping {unknown}
 i - a scroll of immolation {unknown}
 j - 5 scrolls of enchant armour {unknown}
 s - a scroll of silence {unknown}
 x - a scroll of vulnerability {unknown}
Potions
 k - a potion of lignification
 n - 2 potions of degeneration
 t - a potion of magic {unknown}
 w - a potion of curing {unknown}


   Skills:
 - Level 2.1 Dodging
 - Level 1.5 Stealth
 + Level 7.8 Spellcasting


You knew the following spells:

 Your Spells              Type           Power      Damage    Failure   Level
a - Foxfire               Conj/Fire      100%       2x1d9     1%          1
b - Wereblood             Tmut           49%        N/A       1%          2
c - Volatile Blastmotes   Fire/Tloc      98%        2d18      1%          3
d - Inner Flame           Hex/Fire       49%        N/A       1%          3
e - Flame Wave            Conj/Fire      49%        2d12      4%          4
f - Summon Small Mammal   Summ           100%       N/A       1%          1
g - Blink                 Tloc           98%        N/A       1%          2
z - Scorch                Fire           98%        2d9       1%          2
Your spell library was empty.

Dungeon Overview and Level Annotations

Branches:
Dungeon (7/15)
 Temple: D:4-7

Altars:
Dithmenos
Okawaru
The Shining One

Shops:
D:5 *


Innate Abilities, Weirdness & Mutations

You are a tree.
Your roots penetrate the ground, keeping you stationary.
You cannot be teleported.
You are immune to unholy pain and torment.
Your maximum health is greatly increased.
Your equipment is partially melded.
You are immune to sickness and miasma.
You are immune to poison.
((Your flesh is very heat resistant. (rF++)))
((You are vulnerable to cold. (rC-)))
You float through the air rather than walking.
You learn spells naturally, not from books.
Your magical power is your life essence.
You have superior vitality. (+4 MHP)


Message History

The black bear is heavily wounded.
It was a potion of degeneration.
There was something very wrong with that liquid.
You feel weakened.
You feel dopey.
You feel clumsy.
A gnoll bouda comes into view. It is wielding a +0 club.
The black bear bites you!
* * * LOW HITPOINT WARNING * * *
The black bear claws you.
* * * LOW HITPOINT WARNING * * *
The black bear barely misses you.
It was a potion of lignification.
You turn into a tree.
Your +0 helmet melds into your body.
Your +0 robe melds into your body.
Your roots penetrate the ground.
The black bear bites you but does no damage.
The black bear claws you but does no damage. x2
A gnoll comes into view. It is wielding a +0 spear.
You are now empty-handed.
The black bear bites you but does no damage.
The black bear completely misses you.
The black bear claws you but does no damage.
It was a potion of brilliance.
You feel clever all of a sudden.
The gnoll shouts!
You hear a shout!
The black bear bites you but does no damage.
The black bear claws you.
* * * LOW HITPOINT WARNING * * *
The black bear claws you but does no damage.
A gnoll comes into view. It is wielding a +0 halberd.
It was a potion of flight.
Your roots keep you in place.
The gnoll bouda barks out a call to the hunt!
The gnolls pick up the pace!
The black bear bites you but does no damage.
The black bear claws you.
* * * LOW HITPOINT WARNING * * *
The black bear claws you but does no damage.
It was a potion of berserk rage.
A red film seems to cover your vision as you go berserk!
You feel yourself moving faster!
You feel mighty! The gnoll hits you but does no damage.
The black bear bites you.
You die...

.......#
......♣...♣.....♣...♣..#
.......#
...♣....#....♣....#....#
##..####
#....♣...♣.....♣...#..#
##..#
###.#.......#.#...###+##
....#
.........#..............
....+
....gg...+..............
....#
....gg...#..............
.##.#
######h.####'###...###+#
.##.## #.♣#
##..##...##..# ......
......†...#.............
......
..........#.............
.......
..........#............#
......
..........#............#
###.##
#...###...#.............
## #...
#####.####....<..# .#
#.. #. ######### .# #.


You could see a black bear, a gnoll bouda and 3 gnolls.

Vanquished Creatures
  A water moccasin (D:5)
  3 ogres
  A phantom (D:4)
  3 scorpions (D:4)
  A howler monkey (D:5)
  2 jellies
  3 hounds
  An orc priest (D:4)
  3 iguanas (D:4)
  An orc wizard (D:4)
  A sleepcap (D:4)
  Robin (D:2)
  4 adders
  A white imp (D:5)
  An ufetubus (D:4)
  A worm (D:3)
  4 dart slugs
  5 orcs
  9 ball pythons
  7 bats
  9 endoplasms
  2 giant cockroaches
  10 hobgoblins
  3 frilled lizards
  16 goblins
  4 kobolds
  4 rats
101 creatures vanquished.

Vanquished Creatures (others)
  318 foxfires
318 creatures vanquished.

Grand Total: 419 creatures vanquished

Notes
Turn   | Place    | Note
-------+----------+-------------------------------------------
     0 | D:1      | cheesebisquit the Djinni Fire Elementalist began the quest
                  | for the Orb.
     0 | D:1      | cheesebisquit set off with the following spells memorised:
                  | Foxfire, Scorch, Volatile Blastmotes, Inner Flame, Flame
                  | Wave.
     0 | D:1      | Reached XP level 1. HP: 15/15 MP: 0/0
   123 | D:1      | Reached XP level 2. HP: 19/21 MP: 0/0
   341 | D:1      | Reached skill level 3 in Spellcasting
   569 | D:1      | Reached XP level 3. HP: 21/25 MP: 0/0
   569 | D:1      | Learned a level 1 spell: Summon Small Mammal
  1136 | D:2      | Noticed Robin
  1144 | D:2      | Killed Robin
  1145 | D:2      | Reached XP level 4. HP: 19/31 MP: 0/0
  1781 | D:3      | Noticed an ogre
  1786 | D:3      | Killed an ogre
  1787 | D:3      | Reached skill level 4 in Spellcasting
  1787 | D:3      | Reached XP level 5. HP: 29/35 MP: 0/0
  1787 | D:3      | Learned a level 2 spell: Wereblood
  2145 | D:3      | Found a glowing golden altar of the Shining One.
  2342 | D:3      | Found a shadowy altar of Dithmenos.
  2462 | D:4      | You are sucked into a shaft and drop 3 floors!
  2511 | D:5      | Entered Level 5 of the Dungeon
  2515 | D:5      | Reached XP level 6. HP: 38/40 MP: 0/0
  2565 | D:4      | Reached skill level 5 in Spellcasting
  2708 | D:4      | Noticed an ogre
  2712 | D:4      | Reached XP level 7. HP: 42/45 MP: 0/0
  2712 | D:4      | Learned a level 2 spell: Blink
  2716 | D:4      | Reached skill level 6 in Spellcasting
  2854 | D:4      | Found an iron altar of Okawaru.
  2918 | D:4      | Reached XP level 8. HP: 49/50 MP: 0/0
  2945 | D:4      | Reached skill level 7 in Spellcasting
  3363 | D:5      | Found Naromok's Lightly-Used Armoury.
  3424 | D:5      | HP: 2/50 [black bear (3)]
  3429 | D:5      | Slain by a black bear

Illustrated notes

Levels and vault maps discovered:
D:1:      lightli_arrival_flooded_house, layout_basic, amethyst_killhole
D:2:      layout_basic, uniq_robin
D:3:      wad_pebble_path, layout_basic, tso_oasis_becter,
          grunt_dithmenos_smoke_and_mirrors
D:4:      minmay_recursive_quarters, layout_rooms, kennysheep_okawaru_gauntlet,
          chequers_mini_garden
D:5:      layout_gridville, hangedman_decor_clover_reticule,
          minmay_shop_damaged, nicolae_kite_square_tiling_tiny
D:6:      nicolae_cairo_tiling_large_dashed, layout_loops_cross,
          kennysheep_little_box, serial_shops, nicolae_shop_waterfront,
          nicolae_ossuary_entry_catacombs,
          minmay_guarded_unrand_staff_of_olgreb, uniq_menkaure,
          uniq_crazy_yiuf_cottage
D:7:      layout_basic, minmay_temple_entry_grid

Skill      XL: |  1  2  3  4  5  6  7  8 |
---------------+-------------------------+-----
Spellcasting   | 3 4 5 6 7 |  7.8
Dodging        | |  2.1
Stealth        | |  1.5

Action                     |  1- 3 |  4- 6 |  7- 9 || total
---------------------------+-------+-------+-------++-------
  Melee: Unarmed           |     1 |       |       ||     1
         Mace              |     3 |       |       ||     3
         Dagger            |       |     4 |       ||     4
         Dire flail        |       |     3 |       ||     3
   Cast: Foxfire           |    61 |    65 |    56 ||   182
         Scorch            |       |     9 |    30 ||    39
         Summon Small Mamm |       |       |     1 ||     1
    Use: Potion            |       |       |     5 ||     5
 Armour: Robe              |     2 |     3 |     5 ||    10
         Skin              |       |       |    10 ||    10
  Dodge: Dodged            |     5 |    10 |    13 ||    28

Table legend: (Time is in decaauts)
 A = Elapsed time spent in this place.
 B = Non-inter-level travel time spent in this place.
 C = Inter-level travel time spent in this place.
 D = Time resting spent in this place.
 E = Time spent auto-exploring this place.
 F = Levels seen in this place.
 G = Mean time per level.
                   A        B        C        D        E       F      G
               +--------+--------+--------+--------+--------+-----+--------+
         Total |   3431 |   3250 |    181 |      0 |   2714 |   7 |  490.1 |
       Dungeon |   3431 |   3250 |    181 |      0 |   2714 |   7 |  490.1 |
               +--------+--------+--------+--------+--------+-----+--------+

Top non-repeatable levels by time:
     D:1: 956 daAuts
     D:2: 779 daAuts
     D:3: 726 daAuts
     D:4: 646 daAuts
     D:5: 273 daAuts
     D:7: 40 daAuts
     D:6: 7 daAuts
